 Dungeon Crawl Stone Soup version 0.32-a0-918-g0f22ef8d61 (webtiles) character file.

Game seed: 7105916986945409034

317 Ruich the Magician (level 6, -2/46 HPs)
             Began as a Djinni Alchemist on Apr 10, 2024.
             Was a Priest of Beogh.
             Killed by divine providence
             ... invoked by Thorok the orc apostle
              (14 damage)
             ... on level 4 of the Dungeon.
             The game lasted 00:13:33 (3940 turns).

Ruich the Magician (Djinni Alchemist)               Turns: 3940, Time: 00:13:33

Health: -2/46      AC:  9    Str:  9    XL:     6   Next: 74%
Gold:   294        EV: 11    Int: 22    God:    Beogh [***...] SH:  0 Dex: 14

rFire   + + .        h - +1 dagger (drain)
rCold   x . .        (no shield)
rNeg    . . .        a - +0 robe
rPois   ∞            (no helmet)
rElec   .            r - +0 cloak
rCorr   .            k - +1 pair of gloves
SInv    .            (boots unavailable)
Will    .....        (no amulet)
Stlth   ++           d - +6 ring of intelligence
HPRegen 0.27/turn    n - +4 ring of protection

%: infuse magic (-3 HP)
@: flying
A: sickness immunity, fire resistance 2, cold vulnerability 1, float, innate
caster, HP casting, extra vitality 1
a: Renounce Religion, Smiting, Recall Apostles, Dismiss Wargrak, warrior


You were on level 4 of the Dungeon.
You worshipped Beogh.
Beogh was most pleased with you.
You visited 1 branch of the dungeon, and saw 4 of its levels.
You also visited: Sewer.

You collected 294 gold pieces.


Innate Abilities, Weirdness & Mutations

Your facial features look somewhat orcish.
You are immune to sickness and miasma.
You are immune to poison.
Your flesh is very heat resistant. (rF++)
You are vulnerable to cold. (rC-)
You float through the air rather than walking.
You learn spells naturally, not from books.
Your magical power is your life essence.
You have superior vitality. (+4 MHP)


   Skills:
 * Level 3.4 Fighting
 - Level 2.1 Dodging
 - Level 1.5 Stealth
 + Level 5.0 Spellcasting
 + Level 5.0 Conjurations
 + Level 5.0 Hexes
   Level 0.0 Charms
 + Level 5.0 Summonings
 + Level 5.0 Necromancy
 + Level 5.0 Translocations
   Level 0.0 Transmutations
 + Level 5.0 Fire Magic
 + Level 5.0 Ice Magic
 + Level 5.0 Air Magic
 + Level 5.0 Earth Magic
 + Level 5.0 Alchemy


You knew the following spells:

 Your Spells              Type           Power      Damage    Failure   Level
c - Mephitic Cloud        Conj/Alch/Air  27%        N/A       3%          3
m - Mercury Vapours       Alch/Air       54%        N/A       1%          2
o - Olgreb's Toxic Radia  Alch           27%        N/A       13%         4
s - Sandblast             Erth           54%        2d13      1%          1
y - Sticky Flame          Fire/Alch      27%        2d7       13%         4
z - Sting                 Conj/Alch      100%       1d9       1%          1
B - Blink                 Tloc           54%        N/A       1%          2
Your spell library was empty.

Inventory:

Hand Weapons
 h - a +1 dagger of draining (weapon)
Missiles
 g - 4 boomerangs
Armour
 a - a +0 robe (worn)
 k - a +1 pair of gloves (worn)
 r - a +0 cloak (worn)
Jewellery
 d - a +6 ring of intelligence (left hand)
 m - a ring of resist corrosion
 n - a +4 ring of protection (right hand)
Wands
 s - a wand of flame (16)
Scrolls
 b - a scroll of identify {@r1}
 c - a scroll of teleportation {@r2}
Potions
 i - 2 potions of resistance
 p - a potion of cancellation

Dungeon Overview and Level Annotations

Branches:
Dungeon (4/15) Zot: 20956   Sewer (visited)
 Temple: D:4-7

Altars:
Beogh

Shops:
D:1 * D:2

( ..# #.# #.#####
#.....### #........
#..#### #oo...# ##)##.#
#.@...# #..######
.#....†..# #######
#.#.#####.# ......#
#.#. .#.#
......#######.#####.#.#
...(.)'.............#.#
......#...<........##.#
.....##.#..........##.#


You could see Thorok the orc apostle (ally target, divinely empowered) and the
friendly Wargrak the orc apostle.


Message History

Things that are here:
a +0 hand axe of venom; a +0 leather armour Unknown command.
Casting: Mephitic Cloud (dangerous; 3% risk of failure)
Confirm with . or Enter, or press ? or * to list all spells.
Aiming: Sandblast (safe; 1% risk of failure)
Press: ? - help, Shift-Dir - straight line, f/p - Thorok
Aim: Thorok the orc apostle, wielding the +8 mace of Frustration {distort, *Noise rF+ Will+ Int+3} and wearing a +3 leather armour (ally target, empowered by the touch of Beogh, 76% to hit)
Okay, then.
Casting: Sandblast (safe; 1% risk of failure)
Confirm with . or Enter, or press ? or * to list all spells.
Aiming: Sandblast (safe; 1% risk of failure)
Press: ? - help, Shift-Dir - straight line, f - adder, p - Thorok
Aim: an adder (72% to hit)
The blast of sand misses the adder.
* * * LOW HITPOINT WARNING * * *
Wargrak hits Thorok but does no damage.
Wargrak barely misses Thorok.
Unknown command.
Casting: Sandblast (safe; 1% risk of failure)
Confirm with . or Enter, or press ? or * to list all spells.
Aiming: Sandblast (safe; 1% risk of failure)
Press: ? - help, Shift-Dir - straight line, f - Thorok, p - adder
Aim: Thorok the orc apostle, wielding the +8 mace of Frustration {distort, *Noise rF+ Will+ Int+3} and wearing a +3 leather armour (ally target, empowered by the touch of Beogh, 76% to hit)
You kill the adder!
Beogh accepts your kill.
* * * LOW HITPOINT WARNING * * *
Thorok invokes the aid of Beogh against you.
Beogh smites you!
You die...
Beogh appreciates Thorok's killing of a heretic priest.

Skill      XL: |  1  2  3  4  5  6 |
---------------+-------------------+-----
Fighting       | 1 2 3 |  3.4
Spellcasting   | 4 5 |  5.0
Conjurations   | 4 5 |  5.0
Hexes          | 4 5 |  5.0
Summonings     | 4 5 |  5.0
Necromancy     | 4 5 |  5.0
Translocations | 4 5 |  5.0
Fire Magic     | 4 5 |  5.0
Ice Magic      | 4 5 |  5.0
Air Magic      | 4 5 |  5.0
Earth Magic    | 4 5 |  5.0
Alchemy        | 4 5 |  5.0
Dodging        | |  2.1
Stealth        | |  1.5

Action                     |  1- 3 |  4- 6 || total
---------------------------+-------+-------++-------
  Melee: Dagger            |     1 |     3 ||     4
   Cast: Sting             |    73 |       ||    73
         Sandblast         |     1 |    88 ||    89
         Mephitic Cloud    |       |     4 ||     4
         Sticky Flame      |       |     4 ||     4
         Olgreb's Toxic Ra |       |     3 ||     3
 Invoke: Recall Apostles   |       |     1 ||     1
         Recruit Apostle   |       |     1 ||     1
    Use: Scroll            |       |     9 ||     9
         Potion            |       |     3 ||     3
 Armour: Robe              |    20 |    27 ||    47
  Dodge: Dodged            |    12 |    23 ||    35

Levels and vault maps discovered:
D:1:      ncdulo_halloftheorcs, layout_basic,
          ebering_ecumenical_altar_abandoned, serial_shops, shop_fountains
D:2:      layout_basic, serial_shops, shop, kennysheep_generic_room_15
D:3:      layout_rooms, gup_sewer_entry_pipe, chequers_mini_garden,
          wander_ebering_terrifying_dragon_lair, uniq_ijyb
D:4:      layout_basic, nicolae_qazlal_eye_of_the_storm

Notes
Turn   | Place    | Note
-------+----------+-------------------------------------------
     0 | D:1      | Ruich the Djinni Alchemist began the quest for the Orb.
     0 | D:1      | Ruich set off with the following spells memorised: Sting,
                  | Mercury Vapours, Mephitic Cloud, Olgreb's Toxic Radiance,
                  | Sticky Flame.
     0 | D:1      | Reached XP level 1. HP: 15/15 MP: 0/0
   153 | D:1      | Found Fafi Tazeing's General Store.
   187 | D:1      | Reached XP level 2. HP: 16/22 MP: 0/0
   242 | D:1      | Found a faded altar of an unknown god.
   254 | D:1      | Prayed at the altar of an unknown god.
   254 | D:1      | Became a worshipper of Beogh the Shepherd
   254 | D:1      | Reached * piety under Beogh
   466 | D:1      | Reached skill level 1 in Fighting
   661 | D:1      | Reached XP level 3. HP: 25/27 MP: 0/0
   661 | D:1      | Learned a level 1 spell: Sandblast
  1196 | D:2      | Found Duobin's Weapon Shop.
  1508 | D:3      | Reached XP level 4. HP: 31/32 MP: 0/0
  1572 | D:3      | Reached ** piety under Beogh
  1583 | D:3      | Found a glowing drain.
  1617 | Sewer    | Entered a sewer
  1620 | Sewer    | Reached skill level 4 in Spellcasting
  1620 | Sewer    | Reached skill level 4 in Conjurations
  1620 | Sewer    | Reached skill level 4 in Hexes
  1620 | Sewer    | Reached skill level 4 in Summonings
  1620 | Sewer    | Reached skill level 4 in Necromancy
  1620 | Sewer    | Reached skill level 4 in Translocations
  1620 | Sewer    | Reached skill level 4 in Fire Magic
  1620 | Sewer    | Reached skill level 4 in Ice Magic
  1620 | Sewer    | Reached skill level 4 in Air Magic
  1620 | Sewer    | Reached skill level 4 in Earth Magic
  1620 | Sewer    | Reached skill level 4 in Alchemy
  1678 | Sewer    | Reached skill level 2 in Fighting
  1858 | Sewer    | Reached XP level 5. HP: 36/38 MP: 0/0
  1858 | Sewer    | Learned a level 2 spell: Blink
  1905 | Sewer    | Reached *** piety under Beogh
  2155 | Sewer    | Noticed a bullfrog
  2162 | Sewer    | Killed a bullfrog
  2162 | Sewer    | Noticed a bullfrog
  2163 | Sewer    | Reached XP level 6. HP: 27/45 MP: 0/0
  2236 | Sewer    | Identified 2 potions of resistance
  2238 | Sewer    | Reached skill level 3 in Fighting
  2547 | D:3      | Identified the +0 great sword of Payfehy {freeze, Str+5}
  2547 | D:3      | Noticed Wargrak
  2575 | D:3      | Anointed Wargrak the warrior as your apostle
  2793 | D:3      | Reached skill level 5 in Spellcasting
  2793 | D:3      | Reached skill level 5 in Conjurations
  2793 | D:3      | Reached skill level 5 in Hexes
  2793 | D:3      | Reached skill level 5 in Summonings
  2793 | D:3      | Reached skill level 5 in Necromancy
  2793 | D:3      | Reached skill level 5 in Translocations
  2793 | D:3      | Reached skill level 5 in Fire Magic
  2793 | D:3      | Reached skill level 5 in Ice Magic
  2793 | D:3      | Reached skill level 5 in Air Magic
  2793 | D:3      | Reached skill level 5 in Earth Magic
  2793 | D:3      | Reached skill level 5 in Alchemy
  3061 | D:3      | Noticed Ijyb
  3064 | D:3      | Killed Ijyb
  3925 | D:4      | Identified the +8 mace of Frustration {distort, *Noise rF+
                  | Will+ Int+3}
  3925 | D:4      | Noticed Thorok
  3940 | D:4      | Killed from afar by Thorok the orc apostle

Vanquished Creatures
  2 bullfrogs (Sewer)
  A hound (D:4)
  2 adders
  12 dart slugs
  An orc (D:4)
  9 ball pythons
  11 endoplasms
  16 giant cockroaches
  4 goblins
  5 hobgoblins
  5 kobolds
  7 quokkas
  7 bats
  16 frilled lizards
  5 rats
103 creatures vanquished.

Vanquished Creatures (collateral kills)
  Ijyb (D:3)
1 creature vanquished.

Vanquished Creatures (others)
  An orc (D:4)
1 creature vanquished.

Grand Total: 105 creatures vanquished

Table legend: (Time is in decaauts)
 A = Elapsed time spent in this place.
 B = Non-inter-level travel time spent in this place.
 C = Inter-level travel time spent in this place.
 D = Time resting spent in this place.
 E = Time spent auto-exploring this place.
 F = Levels seen in this place.
 G = Mean time per level.
                   A        B        C        D        E       F      G
               +--------+--------+--------+--------+--------+-----+--------+
         Total |   3979 |   3900 |     79 |   1240 |   1812 |   5 |  795.8 |
       Dungeon |   3042 |   2963 |     79 |    642 |   1758 |   4 |  760.5 |
         Sewer |    937 |    937 |      0 |    598 |     54 |   1 |  937.0 |
               +--------+--------+--------+--------+--------+-----+--------+

Top non-repeatable levels by time:
     D:1: 1085 daAuts
     D:3: 1003 daAuts
   Sewer: 937 daAuts
     D:4: 541 daAuts
     D:2: 411 daAuts

Table legend:
 A = Non-vault XP
 B = Vault XP
 C = Vault XP percentage of total XP
 D = Non-vault monster count
 E = Vault monster count
 F = Vault count percentage of total count
                 A         B        C        D         E       F
            +---------+---------+-------+---------+---------+-------
      Total |     144 |     323 |  69.2 |      50 |      54 |  51.9
            +---------+---------+-------+---------+---------+-------
        D:1 |      32 |       0 |   0.0 |      19 |       0 |   0.0
        D:2 |      35 |       1 |   2.8 |      17 |       1 |   5.6
        D:3 |      16 |      52 |  76.5 |       9 |      10 |  52.6
        D:4 |      61 |       0 |   0.0 |       5 |       0 |   0.0
      Sewer |       0 |     270 | 100.0 |       0 |      43 | 100.0
            +---------+---------+-------+---------+---------+-------
